Map: Bel'Shir Vestige LE (Void)

Players

MaNa - Winner!

  • Race: Protoss Protoss
  • Spawn Location: 11:00

ReiGN

  • Race: Protoss Protoss
  • Spawn Location: 5:00

Event: IEM XI Katowice - World Championship 2017

VOD

Have the link to the VOD?

Description

Time

  • Played on: Feb. 28, 2017, 10:39 a.m.
  • Length: 9:10

All games in this series

Show
View Real Time Build Order
Export as new Build Order

MaNa Protoss - Winner!

Build Orders:  

Get SALT Encoding   

  12  0:00  Probe (Chrono Boost)  
  13  0:11  Probe (Chrono Boost)  
  14  0:17  Pylon  
  14  0:22  Probe (Chrono Boost)  
  16  0:35  Probe (Chrono Boost)  
  16  0:37  Gateway  
  16  0:41  Assimilator  
  16  0:46  Probe (Chrono Boost)  
  17  0:52  Assimilator  
  17  0:56  Probe (Chrono Boost)  
  18  1:03  Gateway  
  18  1:07  Probe (Chrono Boost)  
  19  1:17  Probe (Chrono Boost)  
  20  1:24  Cybernetics Core  
  20  1:28  Probe (Chrono Boost)  
  20  1:32  Pylon  
  21  1:44  Probe (Chrono Boost)  
  22  1:54  Warp Gate, Probe (Chrono Boost)  
  22  2:01  Stalker x2  
  27  2:07  Mothership Core (Chrono Boost)  
  29  2:13  Pylon  
  29  2:26  Probe (Chrono Boost)  
  30  2:31  Stalker  
  30  2:32  Stalker  
  30  2:36  Probe (Chrono Boost)  
  34  3:01  Nexus  
  34  3:08  Probe (Chrono Boost)  
  34  3:12  Pylon  
  35  3:14  Sentry  
  35  3:16  Sentry  
  39  3:29  Robotics Facility  
  39  3:31  Probe (Chrono Boost)  
  40  3:42  Probe (Chrono Boost)  
  41  3:49  Gateway  
  41  3:53  Probe (Chrono Boost)  
  42  4:08  Stalker  
  42  4:09  Stalker  
  38  4:18  Immortal  
  40  4:34  Stalker x2  
  38  4:42  Probe x2 (Chrono Boost)  
  40  4:49  Sentry  
  43  4:53  Probe x2 (Chrono Boost)  
  43  4:56  Warp Prism  
  46  5:01  Sentry  
  46  5:03  Probe (Chrono Boost)  
  46  5:06  Probe (Chrono Boost)  
  50  5:12  Adept  
  53  5:14  Probe (Chrono Boost)  
  53  5:17  Probe (Chrono Boost)  
  53  5:18  Sentry  
  56  5:24  Adept  
  56  5:26  Probe (Chrono Boost)  
  56  5:28  Pylon, Probe (Chrono Boost)  
  60  5:36  Adept  
  60  5:41  Assimilator  
  62  5:46  Probe x2 (Chrono Boost)  
  64  5:55  Pylon  
  66  5:58  Adept  
  66  5:59  Adept  
  66  6:02  Adept  
  66  6:04  Pylon  
  70  6:07  Twilight Council  
  70  6:13  Probe x2 (Chrono Boost)  
  72  6:22  Immortal  
  72  6:24  Adept x3  
  82  6:25  Probe (Chrono Boost)  
  82  6:26  Probe (Chrono Boost)  
  82  6:34  Pylon  
  82  6:44  Blink  
  78  6:52  Adept x3  
  72  7:17  Probe x2 (Chrono Boost), Immortal  
  72  7:18  Zealot, Stalker x2  
  80  7:29  Assimilator  
  78  7:37  Probe x2 (Chrono Boost)  
  74  7:44  Stalker x3  
  74  7:49  Nexus  
  80  7:51  Gateway  
  80  7:54  Gateway  
  80  7:56  Immortal  
  78  8:14  Stalker x3  
  78  8:16  Probe (Chrono Boost)  
  78  8:17  Pylon, Probe (Chrono Boost)  
  86  8:22  Forge  
  86  8:26  Pylon  
  86  8:30  Mothership Core (Chrono Boost), Immortal  
  92  8:47  Stalker x3  
  98  8:56  Stalker  
  98  8:57  Stalker  
Show
View Real Time Build Order
Export as new Build Order

ReiGN Protoss 

Build Orders:  

Get SALT Encoding   

  12  0:00  Probe (Chrono Boost)  
  13  0:11  Probe (Chrono Boost)  
  14  0:17  Pylon  
  14  0:22  Probe (Chrono Boost)  
  16  0:35  Probe (Chrono Boost)  
  16  0:36  Gateway  
  16  0:42  Assimilator  
  16  0:46  Probe (Chrono Boost)  
  17  0:53  Assimilator  
  17  0:57  Probe (Chrono Boost)  
  18  1:06  Gateway  
  18  1:08  Probe (Chrono Boost)  
  19  1:19  Probe (Chrono Boost)  
  19  1:23  Cybernetics Core  
  20  1:29  Probe (Chrono Boost)  
  21  1:35  Pylon  
  21  1:40  Probe (Chrono Boost)  
  22  1:48  Warp Gate  
  22  1:50  Probe (Chrono Boost)  
  25  2:06  Mothership Core (Chrono Boost)  
  25  2:11  Stalker x2  
  29  2:21  Pylon  
  30  2:31  Probe (Chrono Boost)  
  30  2:41  Stalker x2  
  34  3:02  Probe (Chrono Boost)  
  35  3:10  Stalker  
  35  3:11  Stalker  
  39  3:29  Nexus  
  39  3:38  Pylon  
  39  3:56  Stalker x2  
  40  4:12  Probe (Chrono Boost)  
  37  4:18  Robotics Facility  
  37  4:20  Stalker  
  38  4:24  Probe (Chrono Boost)  
  38  4:25  Stalker  
  36  4:36  Probe (Chrono Boost)  
  31  4:46  Probe (Chrono Boost)  
  31  4:47  Probe (Chrono Boost)  
  33  4:53  Pylon, Sentry x2  
  33  4:57  Probe (Chrono Boost)  
  33  4:58  Probe (Chrono Boost)  
  33  4:59  Pylon  
  39  5:02  Observer  
  40  5:08  Probe (Chrono Boost)  
  40  5:10  Robotics Bay  
  42  5:15  Probe (Chrono Boost)  
  42  5:18  Probe (Chrono Boost), Stalker  
  42  5:21  Warp Prism  
  47  5:31  Pylon  
  47  5:34  Probe x2 (Chrono Boost)  
  49  5:45  Probe (Chrono Boost)  
  49  5:46  Probe (Chrono Boost)  
  49  5:47  Stalker  
  53  5:52  Disruptor  
  53  5:55  Assimilator, Probe (Chrono Boost)  
  55  5:57  Assimilator  
  55  5:58  Probe (Chrono Boost)  
  58  6:06  Probe (Chrono Boost)  
  58  6:07  Pylon, Stalker  
  61  6:21  Stalker  
  61  6:26  Pylon  
  61  6:34  Zealot  
  61  6:36  Probe (Chrono Boost)  
  64  6:41  Pylon  
  62  6:50  Disruptor  
  62  6:51  Stalker  
  64  6:56  Gateway  
  64  6:58  Gateway  
  64  7:00  Gateway  
  59  7:02  Stalker  
  52  7:21  Disruptor  
  48  7:41  Stalker  
  48  7:42  Stalker  
  48  7:44  Pylon  
  51  7:52  Disruptor  
  52  8:12  Stalker  
  52  8:23  Disruptor  
  52  8:24  Probe (Chrono Boost)  
  53  8:31  Adept x3  
  62  8:44  Nexus  

Tags
 
Add a new tag
Caveats
  • Supply blocks, unpowered buildings, or Contaminate may cause inaccurate times.
  • Supply counts are checked every 10 seconds.